 Dungeon Crawl Stone Soup version 0.23.2 (webtiles) character file.

Game seed: 14731734034392939079

483 Grazgin the Skirmisher (level 7, -11/44 HPs)
             Began as a Gargoyle Fire Elementalist on Apr 5, 2019.
             Mangled by an ogre
             ... wielding a +0 giant club
              (20 damage)
             ... on level 4 of the Dungeon.
             The game lasted 00:10:55 (3597 turns).

Grazgin the Skirmisher (Gargoyle Fire Elementalist) Turns: 3597, Time: 00:10:55

Health: -11/44     AC: 11    Str: 12    XL:     7   Next: 12%
Magic:  4/11       EV: 12    Int: 17    God:
Gold:   125        SH:  0    Dex: 10    Spells: 5/12 levels left

rFire    . . .     SeeInvis .   i - +2 dagger (venom)
rCold    . . .     Gourm    .   (no shield)
rNeg     + . .     Faith    .   a - +0 robe
rPois    ∞         Spirit   .   f - +0 helmet
rElec    +         Reflect  .   (no cloak)
rCorr    .         Harm     .   (no gloves)
MR       .....                  (no boots)
Stlth    ++........             (no amulet)
HPRegen  0.14/turn              k - +4 ring of protection
MPRegen  0.12/turn              (no ring)

@: no status effects
A: negative energy resistance 1, electricity resistance, unbreathing,
petrification resistance, rot immunity, AC +4
a: no special abilities


You were on level 4 of the Dungeon.
You were not hungry.

You visited 1 branch of the dungeon, and saw 4 of its levels.

You collected 125 gold pieces.

Inventory:

Hand Weapons
 h - a +0 flail
 i - a +2 dagger of venom (weapon)
Armour
 a - a +0 robe (worn)
 f - a +0 helmet (worn)
 p - a +0 helmet
Jewellery
 j - an uncursed ring of ice
 k - a +4 ring of protection (left hand)
Wands
 b - a wand of digging (7)
Scrolls
 d - 2 scrolls of teleportation
 e - 3 scrolls of magic mapping
 l - a scroll of amnesia
 m - a scroll of identify
 q - a scroll of remove curse
 r - a scroll of enchant armour {unknown}
Potions
 g - a potion of curing
 o - 2 potions of heal wounds {unknown}
Comestibles
 c - 6 rations
 n - 5 chunks of flesh


   Skills:
 * Level 4.4 Fighting
 + Level 2.9 Dodging
 - Level 2.1 Stealth
 + Level 3.2 Spellcasting
 + Level 3.2 Conjurations
 + Level 4.1 Fire Magic


You had 5 spell levels left.
You knew the following spells:

 Your Spells              Type           Power        Failure   Level  Hunger
a - Flame Tongue          Conj/Fire      ###..        3%          1    None
b - Conjure Flame         Conj/Fire      ###.....     12%         3    ###....
c - Inner Flame           Hex/Fire       #.......     22%         3    ###....

Your spell library contained the following spells:

 Spells                   Type           Power        Failure   Level  Hunger
 Throw Flame              Conj/Fire      ###...       6%          2    ##.....
 Sticky Flame             Conj/Fire      ###.....     36%         4    ####...
 Fireball                 Conj/Fire      ###.......   71%         5    ######.


Dungeon Overview and Level Annotations

Branches:
Dungeon (4/15)
 Temple: D:4-7

Altars:
Dithmenos
Okawaru
Uskayaw


Innate Abilities, Weirdness & Mutations

You are resistant to torment.
Your stone body is resilient. (AC +4)
You are immune to poison.
You resist negative energy. (rN+)
You are resistant to electric shocks. (rElec)
You can survive without breathing.
You are immune to petrification.
You are immune to rotting.


Message History

Aiming: Flame Tongue (safe; 3% risk of failure)
Press: ? - help, Shift-Dir - straight line, f - ogre
Aim: an ogre, wielding a +0 giant club The flame tongue hits the ogre.
The ogre is lightly wounded.
You hit the ogre.
The ogre is lightly wounded.
The ogre hits you with a +0 giant club!
You barely miss the ogre.
The ogre is lightly wounded.
The ogre hits you with a +0 giant club!
You barely miss the ogre.
The ogre is lightly wounded.
You hit the ogre.
The ogre is poisoned.
The ogre is moderately wounded.
The ogre hits you with a +0 giant club!
* * * LOW HITPOINT WARNING * * *
Unknown command.
The ogre hits you with a +0 giant club!!
You die...

....##### #. ..### ..
...# ## ≈≈≈#
...##########
##...÷......#
...>.....##.#
##)#####.##.####### #.#
#.##.....@.# ## #.#
#.########O# ... #.# #>#
#.# .<.### ...
...#######.# #..... W..#
#..#......## #...)###
####
#..#.######⌠.>.⌠##.....##
##..#.# #.......#......#
...#.# #.<.⌠.<.# #<.#
#####.#)# ..oo.o. #..#


You could see an ogre.

Vanquished Creatures
  A phantom (D:4)
  An orc priest (D:4)
  3 orc wizards (D:4)
  A bullfrog skeleton (D:4)
  A centaur skeleton (D:4)
  Ijyb (D:4)
  A worker ant (D:4)
  A hound skeleton (D:4)
  Robin (D:4)
  8 adders
  An ooze (D:1)
  3 worms
  A leopard gecko (D:1)
  7 orcs
  6 giant cockroaches
  9 goblins
  5 hobgoblins
  A jackal (D:3)
  A quokka (D:4)
  A ball python (D:4)
  11 bats
  4 frilled lizards
  8 kobolds
  5 rats
82 creatures vanquished.

Notes
Turn   | Place    | Note
-------+----------+-------------------------------------------
     0 | D:1      | Grazgin the Gargoyle Fire Elementalist began the quest for
                  | the Orb.
     0 | D:1      | Reached XP level 1. HP: 10/10 MP: 3/3
   178 | D:1      | Reached skill level 1 in Fighting
   178 | D:1      | Reached XP level 2. HP: 16/16 MP: 0/5
   812 | D:1      | Reached XP level 3. HP: 19/20 MP: 6/6
  1182 | D:2      | Noticed a +0 dagger
  1183 | D:2      | Noticed a +0 dagger
  1191 | D:2      | Found a hide-covered altar of Uskayaw.
  1401 | D:2      | Found an iron altar of Okawaru.
  1468 | D:2      | Reached XP level 4. HP: 24/26 MP: 3/7
  2140 | D:3      | Found a shadowy altar of Dithmenos.
  2665 | D:4      | Reached XP level 5. HP: 27/31 MP: 8/8
  2683 | D:4      | Learned a level 3 spell: Conjure Flame
  2874 | D:3      | Learned a level 3 spell: Inner Flame
  2900 | D:4      | Noticed Ijyb
  2901 | D:4      | Noticed a phantom
  2925 | D:4      | Killed Ijyb
  3197 | D:4      | Reached XP level 6. HP: 37/37 MP: 10/10
  3426 | D:4      | Killed a phantom
  3428 | D:4      | Reached XP level 7. HP: 35/43 MP: 0/11
  3554 | D:4      | Noticed Robin
  3581 | D:4      | Killed Robin
  3597 | D:4      | Mangled by an ogre

Skill      XL: |  1  2  3  4  5  6 |
---------------+-------------------+-----
Fighting       | 1 2 3 4 |  4.4
Dodging        | 2 |  2.9
Conjurations   | 2 3 |  3.2
Spellcasting   | 3 |  3.2
Fire Magic     | 4 |  4.1
Stealth        | |  2.1

Action                   |  1- 3 |  4- 6 |  7- 9 || total
-------------------------+-------+-------+-------++-------
Melee: Mace              |    42 |     4 |       ||    46
       Dagger            |     7 |    78 |    27 ||   112
       Flail             |       |    28 |       ||    28
 Cast: Flame Tongue      |    42 |    60 |     6 ||   108
       Conjure Flame     |       |     1 |     1 ||     2
       Inner Flame       |       |       |     1 ||     1
  Use: Scroll            |       |     6 |       ||     6
 Stab: Sleeping          |       |     3 |       ||     3
  Eat: Chunk             |     2 |     7 |     1 ||    10
Armor: Robe              |    37 |    70 |     9 ||   116
Dodge: Dodged            |    62 |    90 |    12 ||   164
